 Dungeon Crawl Stone Soup version 0.29-a0-416-g83a48905f1 (webtiles) character file.

Game seed: 10723466600793321622

110 xian the Chopper (level 4, -9/57 HPs)
             Began as a Hill Orc Gladiator on May 16, 2022.
             Was an Initiate of Trog.
             Killed by divine providence
             ... invoked by an orc priest
              (11 damage)
             ... on level 4 of the Dungeon.
             The game lasted 00:08:41 (2977 turns).

xian the Chopper (Hill Orc Gladiator)               Turns: 2977, Time: 00:08:41

Health: -9/57      AC: 22    Str: 18    XL:     4   Next: 91%
Magic:  4/4        EV:  2    Int:  8    God:    Trog [......]
Gold:   124        SH:  0    Dex: 12    Spells: 3/3 levels left

rFire   . . .      SeeInvis .   h - +0 dagger (venom)
rCold   + . .      Faith    .   (no shield)
rNeg    . . .      Spirit   .   (body armour currently unavailable)
rPois   +          Reflect  .   (helmet currently unavailable)
rElec   .          Harm     .   (cloak currently unavailable)
rCorr   .          Rampage  .   (gloves currently unavailable)
Will    .....      NoTele   +   (boots currently unavailable)
Stlth   ++........              k - amulet of the acrobat
HPRegen 0.19/turn               t - ring of protection from cold
MPRegen 0.09/turn               (no ring)

@: tree-form, hasted, very quick
A: stationary, stasis, torment immunity, boosted hp
a: Renounce Religion, Convert to Beogh


You were on level 4 of the Dungeon.
You worshipped Trog.
Trog was noncommittal.
You were a tree.
You visited 1 branch of the dungeon, and saw 5 of its levels.

You collected 124 gold pieces.

Inventory:

Hand Weapons
 a - a +0 war axe
 h - a +0 dagger of venom (weapon)
Missiles
 d - 3 throwing nets (quivered)
 e - a javelin
 y - 2 boomerangs
Armour
 b - a +0 leather armour (melded)
 c - a +0 helmet (melded)
 w - a +1 pair of boots (melded)
Magical Staves
 x - a staff of earth
 B - a staff of earth
Jewellery
 k - an amulet of the acrobat (around neck)
 t - a ring of protection from cold (left branch)
 v - a ring of protection from cold
Scrolls
 f - a scroll of torment {unknown}
 g - 2 scrolls of identify
 i - a scroll of immolation {unknown}
 j - a scroll of noise {unknown}
 l - 2 scrolls of silence
 n - a scroll of enchant weapon {unknown}
 p - a scroll of teleportation {unknown}
 z - a scroll of fear {unknown}
 D - a scroll of blinking {unknown}
Potions
 q - a potion of haste
 r - a potion of mutation {unknown}
 s - 3 potions of lignification
 u - a potion of invisibility
 A - a potion of curing {unknown}
 C - a potion of heal wounds {unknown}
 E - a potion of brilliance {unknown}


   Skills:
 + Level 3.0 Fighting
 + Level 1.6 Short Blades
 + Level 4.5 Axes
 + Level 1.8 Throwing
 + Level 2.1 Armour
 + Level 2.8 Dodging
 + Level 1.0 Stealth


You had 3 spell levels left.
You didn't know any spells.
Your spell library contained the following spells:

 Spells                   Type           Power      Damage    Failure   Level
 Animate Skeleton         Necr           0%         N/A       41%         1
 Pain                     Necr           0%         1d4       41%         1
 Corpse Rot               Necr/Air       0%         N/A       54%         2
 Poisonous Vapours        Pois/Air       0%         N/A       54%         2
 Sublimation of Blood     Necr           0%         N/A       54%         2
 Agony                    Necr           0%         N/A       100%        5


Dungeon Overview and Level Annotations

Branches:
Dungeon (5/15)
 Temple: D:4-7

Altars:
Gozag
Kikubaaqudgha
Okawaru
Trog

Annotations:
D:4 sirJeffrey23's ghost, novice HOMo


Message History

The iguana attacks as you move away! The iguana completely misses you.
SirJeffrey23's ghost completely misses you.
You see here a +0 whip.
SirJeffrey23's ghost attacks as you move away!
SirJeffrey23's ghost completely misses you.
There is a stone staircase leading up here.
Things that are here:
a +0 dagger; a +0 robe The iguana barely misses you.
SirJeffrey23's ghost barely misses you.
You climb upwards.
The quokka barely misses you. x2
There is a stone staircase leading down, spattered with blood here.
As you read the scroll labelled VAQIROOHER, it crumbles to dust.
It is a scroll of identify.
l - 2 scrolls of silence The quokka barely misses you.
The iguana bites you. SirJeffrey23's ghost hits you!
* * * LOW HITPOINT WARNING * * *
x2 Unknown command.
It was a potion of lignification.
You turn into a tree.
Your +0 helmet melds into your body.
Your +1 pair of boots melds into your body.
Your +0 leather armour melds into your body.
Your roots penetrate the ground.
The quokka bites you but does no damage.
The iguana bites you but does no damage.
SirJeffrey23's ghost hits you but does no damage.
The quokka bites you but does no damage.
It was a potion of haste.
You feel yourself speed up.
The quokka bites you but does no damage.
SirJeffrey23's ghost hits you but does no damage.
The iguana bites you but does no damage.
Unknown command.
It was a potion of magic.
Magic courses through your body.
The quokka bites you but does no damage.
It was a potion of flight.
Your roots keep you in place.
The iguana barely misses you.
SirJeffrey23's ghost hits you but does no damage.
The orc priest calls down the wrath of Beogh upon you.
Beogh smites you!
You die...

........ ......o...
.....o)..( #.....##.#
....##.# ...##.# #.##.#
#######.o#.###
....o...or♣l.#
########.W.#.# #....##...#
.....##.###################
### #.# #................
#.# #.############### #.#
#.# #...... #.# #.# #.#####
#.# #.# #.#####


You could see an iguana, an orc priest, an orc wizard, sirJeffrey23's ghost, an
orc and a quokka.

Vanquished Creatures
  An orc wizard (D:5)
  2 adders
  2 worms
  A dart slug (D:3)
  4 orcs
  7 bats
  5 endoplasms
  2 giant cockroaches
  3 goblins
  6 hobgoblins
  4 quokkas
  4 ball pythons
  4 frilled lizards
  4 kobolds
  3 rats
52 creatures vanquished.

Vanquished Creatures (others)
  9 toadstools (D:4)
9 creatures vanquished.

Grand Total: 61 creatures vanquished

Notes
Turn   | Place    | Note
-------+----------+-------------------------------------------
     0 | D:1      | xian the Hill Orc Gladiator began the quest for the Orb.
     0 | D:1      | Reached XP level 1. HP: 18/18 MP: 1/1
    14 | D:1      | Found a faded altar of an unknown god.
    38 | D:1      | Prayed at the altar of an unknown god.
    38 | D:1      | Became a worshipper of Kikubaaqudgha
    38 | D:1      | Reached * piety under Kikubaaqudgha
    38 | D:1      | Received a gift from Kikubaaqudgha
   450 | D:1      | Reached skill level 1 in Armour
   452 | D:1      | Reached XP level 2. HP: 13/25 MP: 2/2
  1106 | D:1      | Reached XP level 3. HP: 25/30 MP: 3/3
  1262 | D:2      | Reached ** piety under Kikubaaqudgha
  1535 | D:2      | Found an iron altar of Okawaru.
  2418 | D:3      | Reached XP level 4. HP: 37/37 MP: 4/4
  2475 | D:3      | Found a bloodstained altar of Trog.
  2487 | D:3      | Fell from the grace of Kikubaaqudgha
  2487 | D:3      | Became a worshipper of Trog the Wrathful
  2506 | D:3      | Reached skill level 1 in Short Blades
  2926 | D:5      | Entered Level 5 of the Dungeon
  2926 | D:5      | Found a runed translucent gate.
  2926 | D:5      | Found a runed translucent gate.
  2926 | D:5      | Found an opulent altar of Gozag.
  2938 | D:5      | Reached skill level 1 in Stealth
  2938 | D:5      | Found a runed translucent gate.
  2941 | D:5      | Noticed sirJeffrey23's ghost (novice HOMo)
  2943 | D:5      | Noticed a scorpion
  2943 | D:5      | Noticed a centaur
  2973 | D:4      | HP: 1/38 [sirJeffrey23's ghost (3)]
  2977 | D:4      | Killed from afar by an orc priest

Illustrated notes

Levels and vault maps discovered:
D:1:      eino_arrival_water_cross, layout_basic,
          hellmonk_ecumenical_altar_pennies_from_heaven, minmay_pentomino_w2
D:2:      layout_basic, serial_forest, infiniplex_forest_lined_3,
          infiniplex_forest_corner_2, infiniplex_forest_clump_large,
          infiniplex_forest_lined_corner, infiniplex_forest_clump_tiny,
          basic_altar, serial_bayou_crossing
D:3:      layout_rooms, trog_butcher_becter
D:4:      cheibrodos_fertilizer, layout_basic, okawaru_trees_1, serial_shops,
          shop_statue
D:5:      layout_gridville, ebering_ghost_gozag

Skill      XL: |  1  2  3  4 |
---------------+-------------+-----
Armour         | 1 2 |  2.1
Short Blades   | 1 |  1.6
Fighting       | 3 |  3.0
Stealth        | 1 |  1.0
Axes           | |  4.5
Throwing       | |  1.8
Dodging        | |  2.8

Action                   |  1- 3 |  4- 6 || total
-------------------------+-------+-------++-------
Melee: War axe           |    30 |       ||    30
       Dagger            |   110 |    47 ||   157
       Punch             |       |     1 ||     1
  Use: Potion            |       |     4 ||     4
       Scroll            |       |     1 ||     1
 Stab: Sleeping          |     1 |     1 ||     2
Armor: Leather armour    |    51 |    19 ||    70
       Skin              |       |     9 ||     9
Dodge: Dodged            |    98 |    59 ||   157

Table legend: (Time is in decaauts)
 A = Elapsed time spent in this place.
 B = Non-inter-level travel time spent in this place.
 C = Inter-level travel time spent in this place.
 D = Time resting spent in this place.
 E = Time spent auto-exploring this place.
 F = Levels seen in this place.
 G = Mean time per level.
                   A        B        C        D        E       F      G
               +--------+--------+--------+--------+--------+-----+--------+
         Total |   3001 |   2981 |     20 |    237 |   2015 |   5 |  600.2 |
       Dungeon |   3001 |   2981 |     20 |    237 |   2015 |   5 |  600.2 |
               +--------+--------+--------+--------+--------+-----+--------+

Top non-repeatable levels by time:
     D:1: 1259 daAuts
     D:2: 966 daAuts
     D:3: 644 daAuts
     D:4: 88 daAuts
     D:5: 43 daAuts
